 Dungeon Crawl Stone Soup version 0.29.1-1-gd02db6906a (webtiles) character file.

Game seed: 12645655277368163604

40 christhawk the Conjurer (level 3, -2/26 HPs)
             Began as a Draconian Conjurer on Sept 24, 2022.
             Slain by a phantom (5 damage)
             ... on level 2 of the Dungeon.
             The game lasted 00:03:14 (1881 turns).

christhawk the Conjurer (Draconian Conjurer)        Turns: 1881, Time: 00:03:14

Health: -2/26      AC:  5    Str: 11    XL:     3   Next: 30%
Magic:  0/6        EV: 12    Int: 18    God:
Gold:   59         SH:  0    Dex:  9    Spells: 3/6 levels left

rFire   . . .      SeeInvis .   (no weapon)
rCold   . . .      Faith    .   (no shield)
rNeg    . . .      Spirit   .   (body armour unavailable)
rPois   .          Reflect  .   (helmet restricted)
rElec   .          Harm     .   (no cloak)
rCorr   .          Rampage  .   (no gloves)
Will    .....                   (no boots)
Stlth   ++........              (no amulet)
HPRegen 0.08/turn               (no ring)
MPRegen 0.10/turn               (no ring)

@: no status effects
A: AC +5, unfitting armour, cold-blooded
a: no special abilities


You were on level 2 of the Dungeon.
You visited 1 branch of the dungeon, and saw 2 of its levels.

You collected 59 gold pieces.

Inventory:

Potions
 a - a potion of magic


   Skills:
 * Level 0.2 Fighting
 + Level 1.9 Dodging
 + Level 1.9 Stealth
 * Level 2.4 Spellcasting
 + Level 4.7 Conjurations


You had 3 spell levels left.
You knew the following spells:

 Your Spells              Type           Power      Damage    Failure   Level
a - Magic Dart            Conj           76%        1d6       2%          1
b - Searing Ray           Conj           38%        2d5       3%          2

Your spell library contained the following spells:

 Spells                   Type           Power      Damage    Failure   Level
 Dazzling Flash           Conj/Hex       20%        N/A       21%         3
 Fulminant Prism          Conj/Hex       5%         3d7       54%         4
 Iskenderun's Mystic Bla  Conj/Tloc      10%        2d4       54%         4


Dungeon Overview and Level Annotations

Branches:
Dungeon (2/15)

Altars:

Annotations:
D:1 1 runed translucent door


Innate Abilities, Weirdness & Mutations

Your plain brown scales are hard. (AC +5)
You cannot fit into any form of body armour.
You are cold-blooded and may be slowed by cold attacks.


Message History

The phantom is severely damaged.
The phantom barely misses you.
You hit the phantom but do no damage.
The phantom is severely damaged.
The phantom hits you.
The phantom blinks!
You blink.
You miss the phantom. You tail-slap the phantom.
The phantom is severely damaged.
The phantom hits you.
The phantom blinks!
You blink.
You closely miss the phantom.
The phantom is severely damaged.
The phantom closely misses you.
You closely miss the phantom.
The phantom is severely damaged.
The phantom closely misses you.
You hit the phantom but do no damage. You tail-slap the phantom.
The phantom is severely damaged.
The phantom hits you but does no damage.
You hit the phantom but do no damage.
Your tail-slap misses the phantom.
The phantom is severely damaged.
The phantom barely misses you.
Casting: Magic Dart (safe; 2% risk of failure)
Confirm with . or Enter, or press ? or * to list all spells.
Aiming: Magic Dart (safe; 2% risk of failure)
Press: ? - help, Shift-Dir - straight line, f/p - phantom
Aim: a phantom (severely damaged, 100% to hit)
The magic dart hits the phantom.
The phantom is almost destroyed.
The phantom hits you!
* * * LOW HITPOINT WARNING * * *
The phantom blinks!
You blink.
You hit the phantom. You tail-slap the phantom.
The phantom is almost destroyed.
The phantom hits you but does no damage.
You hit the phantom but do no damage.
The phantom is almost destroyed.
The phantom barely misses you.
You barely miss the phantom.
The phantom is almost destroyed.
The phantom hits you.
You die...

.##### #####..'.#
.##### #####..'.#
.....## ##.....≈#.#
......####.)....≈#.#
≈......##......≈≈#.#
≈≈.....##.....≈≈##.#
#≈≈....##....≈≈###.#
##≈≈...##...≈≈####.#
##≈≈......≈≈##W@..#
##≈≈≈..≈≈≈##.....#
####++####......#
#............#
##......## ####.###
#.# #.#


You could see a phantom.

Vanquished Creatures
  A worm (D:2)
  2 dart slugs
  An endoplasm (D:1)
  A giant cockroach (D:1)
  4 goblins
  2 hobgoblins
  4 kobolds
  3 quokkas
  6 ball pythons (D:1)
  A ball python zombie (D:2)
  A bat (D:2)
  2 frilled lizards (D:1)
  2 rats (D:1)
30 creatures vanquished.

Vanquished Creatures (others)
  2 withered plants (D:2)
2 creatures vanquished.

Grand Total: 32 creatures vanquished

Notes
Turn   | Place    | Note
-------+----------+-------------------------------------------
     0 | D:1      | christhawk the Draconian Conjurer began the quest for the
                  | Orb.
     0 | D:1      | Reached XP level 1. HP: 14/14 MP: 3/3
     1 | D:1      | Found a runed translucent door.
   412 | D:1      | Reached XP level 2. HP: 20/20 MP: 1/5
   984 | D:1      | Found a faded altar of an unknown god.
  1369 | D:1      | Learned a level 2 spell: Searing Ray
  1398 | D:2      | Reached XP level 3. HP: 26/26 MP: 3/6
  1856 | D:2      | Noticed a phantom
  1881 | D:2      | Slain by a phantom

Illustrated notes

Levels and vault maps discovered:
D:1:      dpeg_arrival_caged_fury, layout_basic,
          dilly_ecumenical_altar_fadedgnrine
D:2:      minmay_kobold_bridge, layout_loops_ring, serial_undead,
          serial_undead_c, serial_undead_c, serial_undead_e, serial_undead_f,
          serial_undead_e, kennysheep_cross_room

Action                   || total
-------------------------++-------
Melee: Unarmed           ||    65
       Punch             ||     1
       Tailslap          ||    13
 Cast: Magic Dart        ||    53
       Searing Ray       ||     1
  Use: Scroll            ||     1
       Potion            ||     2
Armor: Skin              ||    14
Dodge: Dodged            ||    34
